 Dungeon Crawl Stone Soup version 0.23.2-1-ga50397a6bc (webtiles) character file.

Game seed: 6642262220415826517

1563 BorisKarlOrff the Spear-Bearer (level 8, -6/105 HPs)
             Began as a Minotaur Chaos Knight on Apr 19, 2019.
             Was a Plaything of Xom.
             Mangled by Harold
             ... wielding a +0 battleaxe
              (19 damage)
             ... on level 7 of the Dungeon.
             The game lasted 00:13:53 (5063 turns).

BorisKarlOrff the Spear-Bearer (MiCK)               Turns: 5063, Time: 00:13:54

Health: -6/105     AC: 10    Str: 23    XL:     8   Next: 58%
Magic:  7/7        EV: 12    Int:  9    God:    Xom [*.....]
Gold:   411        SH:  0    Dex: 11    Spells: 7/7 levels left

rFire    . . .     SeeInvis .   a - +2 spear (chaos)
rCold    . . .     Gourm    .   (no shield)
rNeg     . . .     Faith    .   i - +3 scale mail
rPois    +         Spirit   .   (helmet restricted)
rElec    .         Reflect  .   (no cloak)
rCorr    .         Harm     .   (no gloves)
MR       .....                  (no boots)
Stlth    ..........             (no amulet)
HPRegen  0.27/turn              s - ring of poison resistance
MPRegen  0.10/turn              (no ring)

@: berserking, marked, very quick
A: retaliatory headbutt, horns 2
a: Renounce Religion


You were on level 7 of the Dungeon.
You worshipped Xom.
You were a special plaything of Xom.
You were not hungry.

You visited 1 branch of the dungeon, and saw 7 of its levels.

You collected 411 gold pieces.

Inventory:

Hand Weapons
 a - a +2 spear of chaos (weapon)
Armour
 i - a +3 scale mail (worn)
Jewellery
 s - a ring of poison resistance (left hand)
Wands
 j - a wand of iceblast (14)
 p - a wand of flame (33)
 u - a wand of scattershot (8)
Scrolls
 b - a scroll of magic mapping
 h - 2 scrolls of teleportation
 k - 5 scrolls of remove curse
Potions
 d - a potion of cancellation {unknown}
 e - 2 potions of haste {unknown}
 g - a potion of agility
Comestibles
 c - 8 rations


   Skills:
 + Level 5.9 Fighting
 + Level 8.3 Polearms
 + Level 6.8 Armour
 + Level 4.1 Dodging
 + Level 3.8 Stealth


You had 7 spell levels left.
You didn't know any spells.
Your spell library was empty.

Dungeon Overview and Level Annotations

Branches:
Dungeon (7/15)             Temple (0/1) D:5

Altars:

Shops:
D:5 !

Annotations:
D:7 Harold


Innate Abilities, Weirdness & Mutations

You reflexively headbutt those who attack you in melee.
You have a pair of horns on your head.


Message History

You hit Harold but do no damage. Lightning courses through Harold!
Your headbutt misses Harold.
Harold is heavily wounded.
You closely miss Harold. You headbutt Harold.
Harold is heavily wounded.
Harold hits you with a +0 battleaxe!
* * * LOW HITPOINT WARNING * * *
You hit Harold but do no damage. Lightning courses through Harold!!
Harold is almost dead.
You hit Harold.
You hear strange voices.
You headbutt Harold, but do no damage.
Harold is almost dead.
Harold hits you with a +0 battleaxe!
* * * LOW HITPOINT WARNING * * *
A red film seems to cover your vision as you go berserk!
You feel yourself moving faster!
You feel mighty! "Serve the mortal, my children!"
Harold hits you with a +0 battleaxe!!
You die...

### .. ## .<
.# #.#.# #...#
#...# #.55#
#.@.# #5@.#
#55?# #3.55.
#.##.#.#######
#......(.....#
####.#.#.###.#
#.#.#.# #.#
#.#.#.. #.#
#.#####.#


You could see Harold, a friendly smoke demon, a friendly iron imp, a friendly
quasit, a friendly crimson imp, 2 friendly white imps, a friendly shadow imp and
a friendly ufetubus.

Vanquished Creatures
  An ice beast (D:5)
  An orc warrior (D:6)
  A necrophage (D:5)
  An ogre (D:4)
  4 bullfrogs
  2 scorpions
  A howler monkey (D:6)
  3 crimson imps
  A jelly (D:5)
  A centaur skeleton (D:5)
  2 hounds (D:6)
  A gnoll shaman (D:4)
  An orc wizard (D:6)
  2 worker ants
  An iguana (D:4)
  2 worker ant zombies
  4 gnolls
  6 adders
  A shadow imp (D:6)
  2 oozes
  An adder zombie (D:6)
  2 worms (D:4)
  An adder skeleton (D:5)
  A dart slug (D:2)
  3 leopard geckos
  4 orcs
  2 giant cockroaches
  2 goblins (D:1)
  2 hobgoblins (D:1)
  2 jackals (D:1)
  A quokka (D:3)
  A ball python (D:3)
  6 bats
  4 frilled lizards
  A giant cockroach zombie (D:6)
  A jackal skeleton (D:6)
  6 kobolds
  2 quokka skeletons
  7 rats
87 creatures vanquished.

Vanquished Creatures (collateral kills)
  3 phantoms (D:5)
  2 crimson imps (D:5)
  A hound (D:5)
  A bullfrog zombie (D:5)
  2 gnolls (D:5)
9 creatures vanquished.

Grand Total: 96 creatures vanquished

Notes
Turn   | Place    | Note
-------+----------+-------------------------------------------
     0 | D:1      | BorisKarlOrff the Minotaur Chaos Knight began the quest for
                  | the Orb.
     0 | D:1      | Reached XP level 1. HP: 19/19 MP: 0/0
   349 | D:1      | Reached skill level 4 in Polearms
   349 | D:1      | Reached XP level 2. HP: 27/27 MP: 1/1
   398 | D:1      | XOM: divination: detect items
   567 | D:1      | XOM: silly message
   753 | D:1      | XOM: silly message
   769 | D:1      | XOM: divination: detect creatures
   911 | D:2      | Reached XP level 3. HP: 28/33 MP: 2/2
  1149 | D:2      | XOM: silly message
  1446 | D:2      | XOM: mild Erth miscast
  1588 | D:3      | XOM: smoke on damage
  1594 | D:3      | Reached XP level 4. HP: 30/41 MP: 3/3
  1601 | D:3      | XOM: smoke on damage
  1809 | D:3      | XOM: harmless Erth miscast
  1819 | D:3      | Reached skill level 5 in Polearms
  1944 | D:3      | XOM: divination: magic mapping
  2150 | D:4      | XOM: harmless Fire miscast
  2167 | D:4      | Reached XP level 5. HP: 39/47 MP: 4/4
  2187 | D:4      | Noticed an ogre
  2190 | D:4      | Reached skill level 1 in Stealth
  2193 | D:4      | XOM: smoke on damage
  2195 | D:4      | Killed an ogre
  2203 | D:4      | XOM: silly message
  2356 | D:4      | XOM: enchant monster (bad)
  2379 | D:4      | Reached XP level 6. HP: 27/55 MP: 5/5
  2419 | D:4      | XOM: polymorph worker ant -> bullfrog
  2427 | D:4      | Reached skill level 6 in Polearms
  2528 | D:4      | XOM: mild Conj miscast
  2599 | D:4      | XOM: harmless Ice miscast
  2753 | D:4      | Reached skill level 5 in Fighting
  2777 | D:4      | XOM: polymorph gnoll -> adder
  3049 | D:5      | Entered Level 5 of the Dungeon
  3156 | D:5      | Found Befuuquf's Distillery.
  3177 | D:5      | XOM: enchant monster (good)
  3182 | D:5      | XOM: harmless Tmut miscast
  3192 | D:5      | Reached skill level 5 in Armour
  3192 | D:5      | Reached XP level 7. HP: 28/61 MP: 6/6
  3291 | D:5      | Found a staircase to the Ecumenical Temple.
  3318 | D:5      | Reached skill level 7 in Polearms
  3504 | D:5      | XOM: confusion (+ monsters)
  3533 | D:5      | Reached XP level 8. HP: 55/69 MP: 7/7
  3725 | D:5      | XOM: summons 2 hostile demons
  3831 | D:5      | XOM: blink monster(s)
  3914 | D:5      | XOM: harmless Pois miscast
  4042 | D:6      | XOM: enchant monster (bad)
  4080 | D:6      | Reached skill level 8 in Polearms
  4583 | D:6      | XOM: confusion (+ monsters)
  4699 | D:6      | XOM: summons 1 hostile shadow creature
  4816 | D:7      | XOM: mild Tloc miscast
  4953 | D:7      | XOM: harmless Ice miscast
  5047 | D:7      | Noticed Harold
  5063 | D:7      | XOM: summons 8 friendly demons
  5063 | D:7      | Mangled by Harold

Skill      XL: |  1  2  3  4  5  6  7  8 |
---------------+-------------------------+-----
Polearms       | 4 5 6 7 8 |  8.3
Fighting       | 4 5 |  5.9
Armour         | 3 4 5 6 |  6.8
Dodging        | 2 3 4 |  4.1
Stealth        | 1 2 3 |  3.8

Action                   |  1- 3 |  4- 6 |  7- 9 || total
-------------------------+-------+-------+-------++-------
Melee: Spear             |    84 |   144 |   143 ||   371
       Headbutt          |     5 |    22 |    36 ||    63
Evoke: Wand              |       |       |     6 ||     6
  Use: Scroll            |       |       |    15 ||    15
       Potion            |       |       |     2 ||     2
 Stab: Paralysed         |     3 |     1 |     8 ||    12
       Confused          |       |       |     2 ||     2
  Eat: Ration            |     1 |     2 |     1 ||     4
Armor: Leather armour    |    13 |       |       ||    13
       Scale mail        |    28 |    51 |    41 ||   120
Dodge: Dodged            |    38 |    72 |    55 ||   165
